 Dungeon Crawl Stone Soup version 0.29-a0-418-gc0181ea820 (webtiles) character file.

Game seed: 7097613985404605026

253 Hubjo the Magician (level 5, -3/32 HPs)
             Began as a Deep Elf Fire Elementalist on May 17, 2022.
             Slain by Terence
             ... wielding a +0 trident
              (6 damage)
             ... on level 2 of the Dungeon.
             The game lasted 00:02:15 (3248 turns).

Hubjo the Magician (Deep Elf Fire Elementalist)     Turns: 3248, Time: 00:02:17

Health: -3/32      AC:  2    Str:  5    XL:     5   Next: 90%
Magic:  6/13       EV: 12    Int: 22    God:
Gold:   146        SH:  0    Dex: 15    Spells: 12/13 levels left

rFire   . . .      SeeInvis .   f - +0 quick blade
rCold   . . .      Faith    .   (no shield)
rNeg    . . .      Spirit   .   a - +0 robe
rPois   .          Reflect  .   (no helmet)
rElec   .          Harm     .   (no cloak)
rCorr   .          Rampage  .   (no gloves)
Will    .....                   (no boots)
Stlth   +++.......              (no amulet)
HPRegen 0.10/turn               (no ring)
MPRegen 0.13/turn               (no ring)

@: no status effects
A: no striking features
a: no special abilities


You were on level 2 of the Dungeon.
You visited 1 branch of the dungeon, and saw 2 of its levels.

You collected 146 gold pieces.

Inventory:

Hand Weapons
 f - a +0 quick blade (weapon)
Armour
 a - a +0 robe (worn)
 p - the +1 robe of the Sneaky Persimmons {+Blink rCorr Str-5 Int+6}
   (You found it on level 2 of the Dungeon)

   Str:       It affects your strength (-5).
   Int:       It affects your intelligence (+6).
   +Blink:    It lets you blink.
   rCorr:     It protects you from acid and corrosion.
Wands
 l - a wand of flame (18)
 n - a wand of paralysis (4)
 q - a wand of iceblast (8)
Scrolls
 c - a scroll of enchant armour {unknown}
 e - a scroll of amnesia {unknown}
 g - a scroll of noise {unknown}
 h - a scroll of vulnerability {unknown}
 i - 2 scrolls of identify {unknown}
 k - 2 scrolls of teleportation {unknown}
 o - a scroll of magic mapping {unknown}
Potions
 b - a potion of magic
 d - 2 potions of curing {unknown}
 j - 2 potions of lignification {unknown}
 m - a potion of mutation {unknown}


   Skills:
 + Level 2.8 Fighting
 - Level 2.4 Dodging
 + Level 4.1 Stealth
 + Level 4.5 Spellcasting
 - Level 1.1 Conjurations
 * Level 4.3 Fire Magic


You had 12 spell levels left.
You knew the following spells:

 Your Spells              Type           Power      Damage    Failure   Level
a - Foxfire               Conj/Fire      68%        2x1d7     3%          1

Your spell library contained the following spells:

 Spells                   Type           Power      Damage    Failure   Level
 Scorch                   Fire           48%        2d7       2%          2
 Conjure Flame            Conj/Fire      17%        6-21      11%         3
 Inner Flame              Hex/Fire       14%        N/A       13%         3
 Flame Wave               Conj/Fire      17%        2d6       34%         4
 Borgnjor's Revivificati  Necr           2%         N/A       100%        8
 Necromutation            Tmut/Necr      2%         N/A       100%        8
 Death's Door             Necr           2%         N/A       100%        9


Dungeon Overview and Level Annotations

Branches:
Dungeon (2/15)

Altars:

Shops:
D:2 *

Annotations:
D:2 Terence


Message History

Terence is nearby!
You conjure some foxfire!
Your foxfire dissipates!
The foxfire hits Terence but does no damage.
Terence is heavily wounded.
Terence hits you from afar with a +0 trident!
Terence is nearby!
You conjure some foxfire!
The foxfire hits Terence.
Terence is severely wounded.
The foxfire hits Terence.
Terence is almost dead.
Terence closely misses you.
Terence is nearby!
You conjure some foxfire!
The foxfire hits Terence but does no damage.
Terence is almost dead.
Terence hits you from afar with a +0 trident.
Terence is nearby!
You are too injured to fight recklessly!
Terence is nearby!
You are too injured to fight recklessly!
Terence is nearby!
The foxfire hits Terence but does no damage.
Terence is almost dead.
The foxfire hits Terence but does no damage.
Terence is almost dead.
Terence hits you from afar with a +0 trident.
Casting: Foxfire (safe; 3% risk of failure)
Confirm with . or Enter, or press ? or * to list all spells.
You conjure some foxfire!
Terence bares his teeth.
Terence hits you from afar with a +0 trident!
* * * LOW HITPOINT WARNING * * *
Casting: Foxfire (safe; 3% risk of failure)
Confirm with . or Enter, or press ? or * to list all spells.
You conjure some foxfire!
The foxfire hits Terence but does no damage.
Terence is almost dead.
Terence hits you from afar with a +0 trident.
You die...

##. #...##.. #...#... #######
##...#... #.....# #. ....#...
#### #.....##... #...#... #..#
###.)......# #...#... #..#
#..@.§v..# ####...#.∩. #..#######
#@v..# #......##.. ............
##§######.####.....
#..######.....#§.#####..####.....
#...# .. #.v............#.....
##..####.# ##..###....###.......
#.......# ##.. #....# ##......
###.#....# #...# #...># ##..... #
#.##...##...# #....# #.....
###......#...# #....# #.....


You could see Terence (ally target).

Vanquished Creatures
  Sigmund (D:2)
  Jessica (D:2)
  A gnoll (D:1)
  2 worms (D:2)
  A dart slug (D:2)
  5 ball pythons
  4 endoplasms
  4 giant cockroaches
  A hobgoblin (D:1)
  7 jackals
  3 quokkas
  6 bats
  3 frilled lizards
  4 goblins
  6 kobolds
  3 rats
52 creatures vanquished.

Vanquished Creatures (others)
  376 foxfires
376 creatures vanquished.

Grand Total: 428 creatures vanquished

Notes
Turn   | Place    | Note
-------+----------+-------------------------------------------
     0 | D:1      | Hubjo the Deep Elf Fire Elementalist began the quest for
                  | the Orb.
     0 | D:1      | Reached XP level 1. HP: 10/10 MP: 6/6
   294 | D:1      | Reached XP level 2. HP: 16/16 MP: 0/8
   663 | D:1      | Reached skill level 1 in Fighting
  1224 | D:1      | Found a faded altar of an unknown god.
  1510 | D:1      | Reached XP level 3. HP: 20/20 MP: 4/9
  2203 | D:2      | Noticed Jessica
  2206 | D:2      | Killed Jessica
  2207 | D:2      | Reached XP level 4. HP: 26/26 MP: 7/11
  2839 | D:2      | Noticed Sigmund
  2852 | D:2      | Killed Sigmund
  2853 | D:2      | Reached XP level 5. HP: 32/32 MP: 0/13
  3073 | D:2      | Found Kakope's Assorted Antiques.
  3126 | D:2      | Identified the +1 robe of the Sneaky Persimmons {+Blink
                  | rCorr Str-5 Int+6}
  3239 | D:2      | Noticed Terence
  3248 | D:2      | Slain by Terence

Illustrated notes

Levels and vault maps discovered:
D:1:      dpeg_arrival_water_temple_mockup, layout_loops_ring,
          dilly_ecumenical_altar_fadedgnrine, kennysheep_decorative_pillar,
          minmay_tripent
D:2:      layout_rooms, serial_shops, shop, st_stairs_3, minmay_misc_feat_room,
          uniq_jessica, uniq_sigmund, uniq_terence

Skill      XL: |  1  2  3  4 |
---------------+-------------+-----
Fighting       | 1 2 |  2.8
Stealth        | 3 4 |  4.1
Spellcasting   | 4 |  4.5
Fire Magic     | 4 |  4.3
Dodging        | |  2.4
Conjurations   | |  1.1

Action                   |  1- 3 |  4- 6 || total
-------------------------+-------+-------++-------
Melee: Quick blade       |    14 |       ||    14
 Cast: Foxfire           |   131 |    90 ||   221
Armor: Robe              |     6 |       ||     6
Dodge: Dodged            |    19 |     2 ||    21

Table legend: (Time is in decaauts)
 A = Elapsed time spent in this place.
 B = Non-inter-level travel time spent in this place.
 C = Inter-level travel time spent in this place.
 D = Time resting spent in this place.
 E = Time spent auto-exploring this place.
 F = Levels seen in this place.
 G = Mean time per level.
                   A        B        C        D        E       F      G
               +--------+--------+--------+--------+--------+-----+--------+
         Total |   3243 |   3220 |     23 |      0 |   2848 |   2 | 1621.5 |
       Dungeon |   3243 |   3220 |     23 |      0 |   2848 |   2 | 1621.5 |
               +--------+--------+--------+--------+--------+-----+--------+

Top non-repeatable levels by time:
     D:1: 2065 daAuts
     D:2: 1177 daAuts
